 Dungeon Crawl Stone Soup version 0.21.1-1-g345015f (webtiles) character file.

25523 troglodite the Protected (level 12, -3/142 HPs)
             Began as a Demonspawn Berserker on Feb 5, 2018.
             Was a High Priest of Trog.
             Killed from afar by an ice dragon (29 damage)
             ... with a blast of cold
             ... on level 13 of the Dungeon on Feb 6, 2018.
             The game lasted 01:05:16 (16702 turns).

troglodite the Protected (Demonspawn Berserker)    Turns: 16702, Time: 01:05:16

Health: -3/142     AC: 23    Str: 26    XL:     12   Next: 90%
Magic:  0/12       EV: 12    Int:  9    God:    Trog [*****.]
Gold:   653        SH: 23    Dex: 20    Spells: 11/11 levels left

rFire    . . .     SeeInvis +   h - +8 double sword (flame)
rCold    . . .     Gourm    .   a - +2 large shield of the Dwarven Hall {rPois rN+ Str+3}
rNeg     + + .     Faith    .   H - +2 pearl dragon scales
rPois    +         Spirit   +   (helmet restricted)
rElec    .         Reflect  +   O - +0 cloak
rCorr    .         Harm     .   G - +2 pair of gloves {Dex+3}
MR       .....                  (no boots)
Stlth    ..........             z - +4 amulet of reflection
HPRegen  0.33/turn              K - ring of see invisible
MPRegen  0.26/turn              A - +2 ring of protection

@: berserking, very quick
A: antennae 2, nightstalker 2, magic shield, magic regeneration
a: Berserk, Trog's Hand, Brothers in Arms, Burn Spellbooks, Renounce Religion


You were on level 13 of the Dungeon.
You worshipped Trog.
Trog was extremely pleased with you.
You were not hungry.

You visited 1 branch of the dungeon, and saw 13 of its levels.
You also visited: Sewer.

You collected 884 gold pieces.
You spent 231 gold pieces at shops.

Inventory:

Hand Weapons
 h - a +8 double sword of flaming (weapon)
 R - a +1 scimitar of flaming
 T - the +3 long sword of Hiffeota {vamp, rC+}
   (You took it off a centaur warrior on level 12 of the Dungeon)

   It inflicts no extra harm, but heals its wielder when it wounds a living foe.
   It protects you from cold.
Armour
 a - the +2 large shield of the Dwarven Hall (worn) {rPois rN+ Str+3}
   (You took it off a wizard on level 12 of the Dungeon)

   It affects your strength (+3).
   It protects you from poison.
   It protects you from negative energy.
 G - a +2 pair of gloves of dexterity (worn)
 H - +2 pearl dragon scales (worn)
 I - +0 acid dragon scales
 O - a +0 cloak (worn)
Jewellery
 j - a +2 ring of evasion
 r - an uncursed amulet of regeneration
 w - an uncursed ring of positive energy
 z - a +4 amulet of reflection (around neck)
 A - a +2 ring of protection (right hand)
 F - a cursed amulet of inaccuracy {unknown}
 J - an uncursed ring of fire
 K - a ring of see invisible (left hand)
Wands
 b - a wand of disintegration (9)
 o - a wand of clouds (4)
 u - a wand of digging (8)
 v - a wand of flame (19)
 x - a wand of enslavement (53)
 y - a wand of scattershot (14)
 M - a wand of iceblast (17)
Scrolls
 f - 3 scrolls of fog
 k - 5 scrolls of enchant weapon
 m - 8 scrolls of teleportation
 n - 2 scrolls of fear
 q - 3 scrolls of remove curse
 s - a scroll of blinking {unknown}
 B - a scroll of vulnerability {unknown}
 C - a scroll of magic mapping
 L - a scroll of silence {unknown}
Potions
 d - a potion of curing
 e - 2 potions of flight
 g - 2 potions of lignification
 i - a potion of magic
 l - 5 potions of brilliance
 p - 2 potions of mutation {unknown}
 E - 3 potions of might
 N - a potion of ambrosia
 P - a potion of invisibility
Comestibles
 c - 16 rations
 t - 5 chunks of flesh


   Skills:
 * Level 9.2 Fighting
   Level 3.5(5.3) Short Blades
 + Level 6.1(6.6) Long Blades
   Level 7.8 Polearms
 * Level 9.5 Armour
 * Level 7.5 Dodging
 * Level 7.9 Stealth
 * Level 7.2 Shields


You had 11 spell levels left.
You didn't know any spells.

Dungeon Overview and Level Annotations

Branches:
Dungeon (13/15)            Temple (0/1) D:5            Lair (0/6) D:8
    Orc (0/2) D:11
 Vaults: D:13-14

Altars:
Fedhas
Nemelex Xobeh
Okawaru
Ru
Sif Muna
Trog
Yredelemnul

Shops:
D:7 [   D:8 *

Portals:
Ice
Cave: D:13

Annotations:
D:3 2 transporters


Innate Abilities, Weirdness & Mutations

You have a pair of antennae on your head.
You are significantly more attuned to the shadows.
When hurt, damage is shared between your health and your magic reserves.
You regenerate magic rapidly.


Message History

The ice dragon tramples you but does no damage.
You're too hungry.
Unknown command.
Eat one of 5 chunks of flesh? (ye/n/q)
You eat one of the 17 rations.
That ration really hit the spot!
The ice dragon bites you.
* * * LOW HITPOINT WARNING * * *
The ice dragon claws you but does no damage.
You block the ice dragon's attack.
A red film seems to cover your vision as you go berserk!
You feel yourself moving faster!
You feel mighty!
You feel a lot more hungry. You block the ice dragon's attack.
The ice dragon misses you. You block the ice dragon's attack.
You slash the ice dragon! You burn the ice dragon!
The ice dragon is moderately wounded.
You closely miss the ice dragon.
The ice dragon is moderately wounded.
The ice dragon breathes frost at you. The blast of cold hits you!
You die...

,*,,,* *,,,,,,,,,,,,#..........
,*,,,*****,,*+**#######..........
,*,,,,,,,,,,*,,,.................
,+,,,,,,,,,,*,,,,................
,*,,,,,*******,,,,##.............
,*,,,,*************#.............
,*,,,,***,.,*##* ##(##....##.##+
,*******,,...#h####..##....#*##,,
,,,,,,**,,∩...hD@#.#(.......,,*,*
,,,,,,**,,....###.##.........,*,*
,**,,,***,..#,* ####......,,,,*,*
,**,,,****#********#......,,,,*,*
,,,,,,,*********,,,.......,,,,*,,
,,,,,,,,,,,**,,,,,,,,,,,,,,,,,,,,
,****+*****************,,,,,,,*,,
,*,,,,,,,,,,,,,,,,,,,,,,,,*,,,,,*
**,*****,,,,,,,,,****,*,,,,,*,*,,


You could see an ice dragon and 2 wolves.

Vanquished Creatures
  Gastronok (D:11)
  The ghost of Quirk the Blocker, a journeyman GnFi of Ashenzari (D:12)
  Erolcha (D:11)
  2 hydras (D:12)
  A centaur warrior (D:12)
  Erica (D:11)
  The ghost of adept the Geomancer, a novice DDEE of Makhleb (D:10)
  The ghost of ceb the Skirmisher, a novice HOFi of Beogh (D:7)
  3 two-headed ogres (D:12)
  An unseen horror (D:12)
  A wizard (D:12)
  The ghost of ceb the Skirmisher, a novice HOFi (D:6)
  4 ugly things
  A deep elf mage (D:11)
  2 cyclopes
  An elephant (shapeshifter) (D:12)
  Maurice (D:10)
  2 centaur zombies (D:12)
  Joseph (D:8)
  Psyche (D:11)
  2 komodo dragons (D:8)
  A rime drake (D:13)
  2 freezing wraiths (D:12)
  A merfolk (D:11)
  A troll (D:11)
  A hornet (D:11)
  A polar bear (D:13)
  A meliai zombie (D:12)
  Sigmund (D:6)
  Eustachio (D:6)
  A human (D:11)
  5 yaks
  An acid dragon (D:8)
  Duvessa (D:5)
  7 orc warriors
  A sky beast (D:6)
  2 necrophages
  2 ice beasts
  4 black bears
  5 phantoms
  7 ogres
  A wolf (D:13)
  2 centaurs
  4 crocodiles
  2 big kobolds
  14 bullfrogs
  A gnoll sergeant (D:11)
  A water moccasin zombie (D:10)
  A wyvern skeleton (D:9)
  Dowan (D:5)
  2 scorpions
  2 wights (D:12)
  3 howler monkeys
  6 crimson imps
  4 bullfrog zombies
  A quasit (D:5)
  3 centaur skeletons
  5 orc priests
  14 hounds
  4 jellies
  3 bullfrog skeletons
  12 orc wizards
  2 iguanas
  Ijyb (D:4)
  6 worker ants
  A hound zombie (D:5)
  12 adders
  4 gnolls (D:11)
  2 shadow imps
  3 oozes
  2 adder skeletons
  2 adder zombies
  A worm (D:3)
  A dart slug (D:2)
  10 leopard geckos
  40 orcs
  18 giant cockroaches
  6 hobgoblins
  22 jackals
  10 kobolds
  2 quokkas
  4 ball pythons
  8 bats
  7 frilled lizards
  8 goblins
  2 jackal skeletons
  A quokka skeleton (D:9)
  4 rats (D:3)
341 creatures vanquished.

Vanquished Creatures (collateral kills)
  A scorpion (D:10)
1 creature vanquished.

Vanquished Creatures (others)
  A jelly (D:11)
  A leopard gecko (D:11)
2 creatures vanquished.

Grand Total: 344 creatures vanquished

Notes
Turn   | Place    | Note
-------+----------+-------------------------------------------
     0 | D:1      | troglodite the Demonspawn Berserker began the quest for the Orb.
     0 | D:1      | Reached XP level 1. HP: 18/18 MP: 1/1
   260 | D:1      | Gained mutation: You are slightly more attuned to the shadows. [demonic ancestry]
   260 | D:1      | Reached XP level 2. HP: 23/24 MP: 2/2
  1025 | D:2      | Gained mutation: When hurt, damage is shared between your health and your magic reserves. [demonic ancestry]
  1025 | D:2      | Reached XP level 3. HP: 25/29 MP: 3/3
  1388 | D:2      | Reached ** piety under Trog
  1759 | D:2      | Reached skill level 1 in Stealth
  1759 | D:2      | Gained mutation: You have a pair of small antennae on your head. [demonic ancestry]
  1759 | D:2      | Reached XP level 4. HP: 30/37 MP: 1/4
  1766 | D:2      | Found a bloodstained altar of Trog.
  1826 | D:2      | Found a bloodstained altar of Trog.
  2192 | D:3      | Reached skill level 1 in Short Blades
  2251 | D:3      | Found a glowing drain.
  2277 | Sewer    | Entered a sewer
  2545 | Sewer    | Noticed a bullfrog
  2553 | Sewer    | Killed a bullfrog
  2553 | Sewer    | Gained mutation: You regenerate magic rapidly. [demonic ancestry]
  2553 | Sewer    | Reached XP level 5. HP: 42/42 MP: 3/5
  2736 | D:3      | Reached *** piety under Trog
  2762 | D:3      | Found a transporter.
  2772 | D:3      | Noticed a kobold demonologist
  2872 | D:3      | Found a transporter.
  3632 | D:4      | Reached XP level 6. HP: 46/48 MP: 6/6
  3634 | D:4      | Found a deep blue altar of Sif Muna.
  4047 | D:4      | Reached XP level 7. HP: 55/55 MP: 7/7
  4192 | D:4      | Noticed Ijyb
  4201 | D:4      | Killed Ijyb
  4382 | D:4      | Found a sacrificial altar of Ru.
  4521 | D:5      | Entered Level 5 of the Dungeon
  4588 | D:5      | Found a staircase to the Ecumenical Temple.
  4773 | D:5      | Noticed Dowan
  4774 | D:5      | Noticed Duvessa
  4788 | D:5      | Killed Dowan
  4798 | D:5      | Killed Duvessa
  4834 | D:5      | Got a crystal trident
  4835 | D:5      | Identified the +2 trident of Bengoraota {venom, *Slow rElec Str+5} (You found it on level 5 of the Dungeon)
  5208 | D:6      | Noticed ceb's ghost (novice HOFi)
  5462 | D:6      | Reached XP level 8. HP: 61/61 MP: 8/8
  5488 | D:6      | Reached skill level 1 in Polearms
  5488 | D:6      | Reached skill level 5 in Armour
  5629 | D:6      | Found a basalt altar of Yredelemnul.
  5640 | D:6      | Reached skill level 5 in Fighting
  5648 | D:6      | Found a sparkling altar of Nemelex Xobeh.
  5790 | D:6      | Reached **** piety under Trog
  6082 | D:6      | Noticed Sigmund
  6099 | D:6      | Killed Sigmund
  6162 | D:6      | Noticed Eustachio
  6174 | D:6      | Killed Eustachio
  6416 | D:6      | Killed ceb's ghost
  6416 | D:6      | Gained mutation: You are significantly more attuned to the shadows. [demonic ancestry]
  6416 | D:6      | Reached XP level 9. HP: 69/69 MP: 7/9
  6518 | D:6      | Found a blossoming altar of Fedhas.
  6619 | D:6      | Found an iron altar of Okawaru.
  6649 | D:7      | Noticed ceb's ghost (novice HOFi)
  7031 | D:7      | Killed ceb's ghost
  7047 | D:7      | Reached skill level 5 in Polearms
  7567 | D:7      | Found Qufrergh's Armour Shoppe.
  7577 | D:7      | Bought a +1 pair of gloves of dexterity for 231 gold pieces
  8119 | D:8      | Found Bisoc's Assorted Antiques.
  8135 | D:8      | Noticed Joseph
  8146 | D:8      | Killed Joseph
  8297 | D:8      | Noticed a komodo dragon
  8306 | D:8      | Killed a komodo dragon
  8306 | D:8      | Reached skill level 5 in Dodging
  8306 | D:8      | Reached skill level 5 in Stealth
  8306 | D:8      | Gained mutation: You have a pair of antennae on your head. [demonic ancestry]
  8306 | D:8      | Reached XP level 10. HP: 75/77 MP: 10/10
  8331 | D:8      | Found a staircase to the Lair.
 10381 | D:10     | Entered Level 10 of the Dungeon
 10512 | D:10     | Reached ***** piety under Trog
 10525 | D:10     | Noticed Maurice
 10541 | D:10     | Killed Maurice
 10541 | D:10     | Reached skill level 1 in Shields
 11478 | D:10     | Noticed adept's ghost (novice DDEE)
 11501 | D:10     | Killed adept's ghost
 11665 | D:11     | Noticed Psyche
 11672 | D:11     | Killed Psyche
 11672 | D:11     | Reached XP level 11. HP: 83/83 MP: 11/11
 11703 | D:11     | Noticed a cyan ugly thing
 11868 | D:11     | Noticed a deep elf mage
 11883 | D:11     | Killed a deep elf mage
 12058 | D:11     | Noticed a green ugly thing
 12078 | D:11     | Killed a green ugly thing
 12636 | D:11     | Noticed Erica
 12650 | D:11     | Killed Erica
 12803 | D:11     | Received a gift from Trog
 12834 | D:11     | Noticed Gastronok
 12850 | D:11     | Killed Gastronok
 13060 | D:11     | Noticed Erolcha
 13068 | D:11     | Killed Erolcha
 13075 | D:11     | Killed a cyan ugly thing
 13337 | D:11     | Found a staircase to the Orcish Mines.
 13678 | D:12     | Noticed Quirk's ghost (journeyman GnFi)
 13701 | D:12     | Killed Quirk's ghost
 13701 | D:12     | Reached skill level 5 in Shields
 13703 | D:12     | Reached XP level 12. HP: 79/93 MP: 12/12
 13709 | D:12     | Noticed a five-headed hydra
 13743 | D:12     | Killed a one-headed hydra
 13893 | D:12     | Noticed a centaur warrior
 13901 | D:12     | Killed a centaur warrior
 14076 | D:12     | Reached skill level 5 in Long Blades
 14078 | D:12     | Got a spiked large shield
 14140 | D:12     | Got a brightly glowing long sword {vamp}
 14323 | D:12     | HP: 3/94 [freezing wraith (21)]
 14332 | D:12     | Noticed a two-headed ogre
 14665 | D:12     | Identified the cursed +3 long sword of Hiffeota {vamp, rC+} (You took it off a centaur warrior on level 12 of the Dungeon)
 14677 | D:12     | Identified the +2 large shield of the Dwarven Hall {rPois rN+ Str+3} (You took it off a wizard on level 12 of the Dungeon)
 14701 | D:12     | Killed a two-headed ogre
 14865 | D:12     | Noticed a two-headed ogre
 14871 | D:12     | Killed a two-headed ogre
 14955 | D:12     | Noticed a two-headed ogre
 14974 | D:12     | Killed a two-headed ogre
 16265 | D:12     | Noticed a five-headed hydra
 16309 | D:12     | Killed a two-headed hydra
 16675 | D:13     | Noticed an ice dragon
 16676 | D:13     | Found a frozen archway.
 16702 | D:13     | Killed from afar by an ice dragon

Skill      XL: |  1  2  3  4  5  6  7  8  9 10 11 12 |
---------------+-------------------------------------+-----
Dodging        | 2 3 4 5 6 7 |  7.5
Long Blades    | 3 4 6 |  6.1
Armour         | 2 3 4 6 7 8 9 |  9.5
Stealth        | 1 2 3 4 5 6 7 |  7.9
Short Blades   | 1 2 3 |  3.5
Fighting       | 4 5 6 7 8 9 |  9.2
Polearms       | 4 5 7 |  7.8
Shields        | 3 5 7 |  7.2

Action                   |  1- 3 |  4- 6 |  7- 9 | 10-12 || total
-------------------------+-------+-------+-------+-------++-------
Melee: Falchion          |    14 |       |       |       ||    14
       Dagger            |   107 |   219 |    59 |       ||   385
       Trident           |       |       |   285 |   427 ||   712
       Double sword      |       |       |       |   209 ||   209
       Long sword        |       |       |       |   155 ||   155
Invok: Berserk           |     1 |     2 |    12 |    17 ||    32
       Brothers in Arms  |       |       |       |     1 ||     1
       Burn Spellbooks   |       |       |       |     3 ||     3
  Use: Scroll            |       |       |     5 |    20 ||    25
       Potion            |       |       |       |     2 ||     2
 Stab: Sleeping          |       |       |       |     7 ||     7
       Distracted        |       |       |       |     1 ||     1
  Eat: Chunk             |     3 |     6 |    19 |    22 ||    50
       Ration            |       |     1 |     2 |     8 ||    11
Armor: Animal skin       |     3 |       |       |       ||     3
       Chain mail        |    74 |   110 |   122 |       ||   306
       Plate armour      |       |       |    13 |   220 ||   233
       Ring mail         |       |       |       |    99 ||    99
       Pearl dragon scal |       |       |       |    35 ||    35
Dodge: Dodged            |    50 |   117 |   181 |   326 ||   674
Block: Other             |       |       |    45 |     5 ||    50
       Reflection        |       |       |     1 |     7 ||     8
       Shield            |       |       |       |   383 ||   383
       Large shield      |       |       |       |   248 ||   248
       Rpst.: Falchion   |     5 |       |       |       ||     5
       Double sword      |       |       |       |    26 ||    26
       Long sword        |       |       |       |    13 ||    13
